 Dungeon Crawl Stone Soup version 0.31-a0-167-g1c394c0614 (webtiles) character file.

Game seed: 8542187628624865547

3217 Shayle the Covert (level 9, -9/59 HPs)
             Began as a Tengu Brigand on June 14, 2023.
             Was an Initiate of Ashenzari.
             Killed by divine providence
             ... invoked by an orc priest
              (15 damage)
             ... on level 9 of the Dungeon.
             The game lasted 00:25:02 (6941 turns).

Shayle the Covert (Tengu Brigand)                   Turns: 6941, Time: 00:25:02

Health: -9/59      AC:  6    Str: 12    XL:     9   Next: 97%
Magic:  10/10      EV: 14    Int: 12    God:    Ashenzari [......]
Gold:   449        SH:  0    Dex: 19    Spells: 8/8 levels left

rFire   . . .        G - +5 dagger (drain)
rCold   . . .        (no shield)
rNeg    . . .        e - +2 robe {Will+}
rPois   +            (helmet restricted)
rElec   .            c - +0 cloak
rCorr   .            q - +0 pair of gloves
SInv    .            (boots unavailable)
Will    ++...        (no amulet)
Stlth   ++++         A - ring of willpower
HPRegen 0.29/turn    H - ring "Gaze Upon Infinity" {rPois, Evo, Range} (curse)
MPRegen 0.12/turn

%: no passive effects
@: flying quickly and evasively, quick
A: beak, talons 3, nimble flight
a: Renounce Religion, Curse Item, Shatter the Chains


You were on level 9 of the Dungeon.
You worshipped Ashenzari.
Ashenzari was noncommittal.
You visited 2 branches of the dungeon, and saw 10 of its levels.

You collected 501 gold pieces.
You spent 52 gold pieces at shops.

Inventory:

Hand Weapons
 a - a +2 dagger
 k - a +1 whip of flaming
 l - a +0 dagger of venom
 D - the +5 trident "Seacoell" {pain, rF+ rCorr Str-4}
   (You found it on level 6 of the Dungeon)

   Str:       It affects your strength (-4).
   rF:        It protects you from fire.
   rCorr:     It protects you from acid and corrosion.
 G - a +5 dagger of draining (weapon)
Missiles
 d - 4 poisoned darts
 g - 11 boomerangs
 t - a throwing net
 w - 6 curare-tipped darts (quivered)
Armour
 b - a +0 robe
 c - a +0 cloak (worn)
 e - a +2 robe of willpower (worn)
 f - a +0 ring mail
 q - a +0 pair of gloves (worn)
Jewellery
 A - a ring of willpower (left hand)
 F - a ring of protection from fire
 H - the cursed ring "Gaze Upon Infinity" (right hand) {rPois, Evo, Range}
   (You found it on level 7 of the Dungeon)

   [ring of poison resistance]

   rPois:     It protects you from poison.
   It has a curse which improves the following skills: Evocations: Evocations.
   Ranged Combat: Ranged Weapons and Throwing.
 I - a +6 ring of dexterity
 J - a +4 ring of protection
Wands
 y - a wand of paralysis (5)
 B - a wand of polymorph (7)
 K - a wand of iceblast (8)
Scrolls
 m - a scroll of enchant weapon
 n - a scroll of teleportation
 o - 3 scrolls of immolation
 p - a scroll of fog
 u - a scroll of amnesia
Potions
 h - a potion of curing {unknown}
 i - a potion of lignification
 j - a potion of brilliance
 r - 2 potions of mutation {unknown}
 s - a potion of heal wounds
 v - 2 potions of resistance
 x - a potion of magic {unknown}
 z - a potion of haste
 C - a potion of enlightenment {unknown}
 E - 4 potions of might {unknown}


   Skills:
 + Level 8.2 Fighting
 + Level 8.9 Short Blades
 - Level 2.0(2.3) Throwing
 - Level 1.1 Dodging
 + Level 9.5 Stealth


You had 8 spell levels left.
You didn't know any spells.
Your spell library contained the following spells:

 Spells                   Type           Power      Damage    Failure   Level
 Sandblast                Erth           0%         2d4       32%         1
 Passwall                 Tmut/Erth      0%         N/A       45%         2
 Stone Arrow              Conj/Erth      0%         3d7       69%         3
 Animate Armour           Summ/Erth      0%         N/A       97%         4
 Summon Lightning Spire   Summ/Air       0%         N/A       97%         4
 Blade Hands              Tmut           0%         N/A       100%        5


Dungeon Overview and Level Annotations

Branches:
Dungeon (9/15)             Temple (1/1) D:7
   Lair: D:8-11         Orc: D:9-12

Altars:
Ashenzari
Cheibriados
Dithmenos
Elyvilon
Fedhas
Gozag
Kikubaaqudgha
Makhleb
Nemelex Xobeh
Ru
Sif Muna
Trog
Uskayaw
Wu Jian
Xom
Zin
The Shining One

Shops:
D:2 ?   D:5 *

Annotations:
D:5 1 runed translucent door, rinse's ghost, amateur MfMo


Innate Abilities, Weirdness & Mutations

You have a beak for a mouth.
You have claws for feet.
Your magical nature lets you fly swiftly and evasively.


Message History

The wraith hits you!
As you read the scroll of fog, it crumbles to dust.
The scroll dissolves into smoke.
The wraith hits you!
* * * LOW HITPOINT WARNING * * *
The wraith drains your vigour!
You feel yourself slow down.
As you read the scroll of teleportation, it crumbles to dust.
You feel strangely unstable.
The centaur shouts!
The centaur wields a +0 orcbow.
The centaur shoots an arrow.
The arrow hits you!
* * * LOW HITPOINT WARNING * * *
The wraith barely misses you.
The centaur shoots an arrow.
The arrow hits you.
* * * LOW HITPOINT WARNING * * *
It was a potion of heal wounds.
You feel much better.
The centaur shoots an arrow.
The arrow hits you! The wraith barely misses you.
The orc priest begins to cast a cantrip, but forgets the words!
The centaur shoots an arrow.
The arrow hits you.
The orc priest calls down the wrath of Beogh upon you.
Beogh smites you!
* * * LOW HITPOINT WARNING * * *
The wraith misses you.
The orc priest begins to cast a cantrip, but forgets the words!
The centaur shoots an arrow.
The arrow barely misses you.
The arrow hits the orc priest!
You feel much better.
Your surroundings seem slightly different.
The centaur unwields a +0 orcbow.
The centaur hits you. The centaur misses you. The centaur hits you.
The centaur kicks you.
You feel yourself speed up. The centaur hits you.
The centaur barely misses you. The centaur closely misses you.
The centaur kicks you. The centaur attacks as you move away!
The centaur misses you. The centaur closely misses you.
The centaur wields a +0 orcbow.
The centaur shoots an arrow.
The arrow barely misses you.
A manticore comes into view.
The centaur shoots an arrow.
The arrow hits you!
* * * LOW HITPOINT WARNING * * *
The orc priest mumbles some strange prayers to Beogh against you.
Beogh smites you!
You die...

#.# #.... ##.# #....
### ..# ########....
#...#.#####§§.§.......
#....o..oW§§....####
..##.c.###§§.##..# #..
#.#.#!#§#.###.#
#..###...#!#o..# .#
#....@###)H§###......
#...#.# #!#.# .#....
#.. ..##.#.#.# .. ....
#. ###..#.# #c.### ..
# ..#.# #.. ##..# .##
.## . # #


You could see a centaur and an orc priest.

Vanquished Creatures
  Pikel (D:4)
  A hornet (D:7)
  A wraith (D:9)
  Menkaure (D:4)
  A water moccasin (D:8)
  A sky beast (D:7)
  A black bear (D:6)
  An orc warrior (D:9)
  An ice beast (D:6)
  An ogre (D:5)
  2 centaurs (D:9)
  2 lemures (D:4)
  A phantom (D:5)
  Blork the orc (D:5)
  4 bullfrogs
  A gnoll sergeant (D:8)
  2 scorpions
  3 killer bees (D:7)
  2 howler monkeys
  An electric eel (D:7)
  2 jellies (D:6)
  4 hounds
  A gnoll bouda (D:6)
  2 orc priests
  2 sleepcaps
  Jessica (D:2)
  Natasha (D:4)
  3 iguanas
  2 orc wizards
  11 gnolls
  6 adders
  3 white imps
  A worm (D:2)
  3 dart slugs
  20 orcs
  3 ball pythons
  4 endoplasms
  10 giant cockroaches
  7 hobgoblins
  5 quokkas
  6 bats
  5 frilled lizards
  5 goblins
  5 kobolds
  3 rats
144 creatures vanquished.

Vanquished Creatures (others)
  2 orcs
2 creatures vanquished.

Grand Total: 146 creatures vanquished

Notes
Turn   | Place    | Note
-------+----------+-------------------------------------------
     0 | D:1      | Shayle the Tengu Brigand began the quest for the Orb.
     0 | D:1      | Reached XP level 1. HP: 12/12 MP: 2/2
   167 | D:1      | Reached XP level 2. HP: 17/17 MP: 3/3
   729 | D:2      | Reached XP level 3. HP: 22/22 MP: 4/4
   801 | D:2      | Found The Oracle's Delphic Readings.
   805 | D:2      | Bought a scroll of noise for 13 gold pieces
   805 | D:2      | Bought a scroll of teleportation for 39 gold pieces
   940 | D:2      | Reached XP level 4. HP: 27/27 MP: 5/5
   955 | D:2      | Noticed Jessica
   966 | D:2      | Killed Jessica
  1162 | D:2      | Found a white marble altar of Elyvilon.
  1350 | D:3      | HP: 2/42 [iguana (7)]
  1355 | D:3      | Reached skill level 5 in Stealth
  1355 | D:3      | Gained mutation: Your magical nature lets you fly swiftly
                  | and evasively. [Tengu growth]
  1355 | D:3      | Reached XP level 5. HP: 5/32 MP: 6/6
  2277 | D:4      | Noticed Menkaure
  2288 | D:5      | Entered Level 5 of the Dungeon
  2288 | D:5      | Noticed rinse's ghost (amateur MfMo)
  2292 | D:5      | Found a shimmering altar of Xom.
  2302 | D:5      | Reached XP level 6. HP: 38/38 MP: 7/7
  2487 | D:5      | Noticed Blork the orc
  2521 | D:5      | Killed Blork the orc
  2537 | D:5      | Reached skill level 5 in Short Blades
  2537 | D:5      | Reached skill level 6 in Stealth
  2537 | D:5      | Reached XP level 7. HP: 32/44 MP: 8/8
  2612 | D:5      | Found a bloodstained altar of Trog.
  2615 | D:5      | Found a burning altar of Makhleb.
  2630 | D:5      | Found Femp's Serpentskin Sales.
  2637 | D:5      | Found a runed translucent door.
  2684 | D:5      | Found a glowing golden altar of the Shining One.
  2684 | D:5      | Found a glowing silver altar of Zin.
  2687 | D:5      | Found an ornate altar of the Wu Jian Council.
  3226 | D:6      | Reached skill level 5 in Fighting
  3450 | D:6      | Identified the +5 trident "Seacoell" {pain, rF+ rCorr
                  | Str-4}
  3465 | D:6      | Reached XP level 8. HP: 36/50 MP: 9/9
  3771 | D:7      | Reached skill level 7 in Stealth
  4083 | D:7      | Found a staircase to the Ecumenical Temple.
  4089 | Temple   | Entered the Ecumenical Temple
  4114 | Temple   | Became a worshipper of Ashenzari the Shackled
  4170 | D:7      | Noticed a hornet
  4178 | D:7      | Killed a hornet
  4719 | D:4      | Killed Menkaure
  4818 | D:4      | Noticed Pikel
  5199 | D:4      | Noticed Natasha
  5211 | D:4      | Killed Natasha
  5212 | D:4      | Reached skill level 8 in Stealth
  5358 | D:4      | Killed Pikel
  5359 | D:4      | Reached XP level 9. HP: 51/57 MP: 10/10
  5700 | D:7      | Found a shadowy altar of Dithmenos.
  5714 | D:7      | Found an ancient bone altar of Kikubaaqudgha.
  6349 | D:8      | Reached skill level 9 in Stealth
  6506 | D:8      | Noticed a death yak
  6714 | D:8      | Identified the +4 pair of boots of the Five Hurtling Yaks
                  | {+Blink rN+ Str+3}
  6940 | D:9      | Noticed a manticore
  6941 | D:9      | Killed from afar by an orc priest

Illustrated notes

Levels and vault maps discovered:
D:1:      nzn_arrival_water_spiral, layout_basic, kennysheep_doodads
D:2:      layout_rooms, basic_altar, nicolae_nh_oracle_at_delphi, uniq_jessica
D:3:      minmay_roachtagon, layout_loops_ring, serial_glass, glass_columns_a,
          glass_columns_c, glass_columns_b
D:4:      layout_basic, uniq_pikel, uniq_menkaure, uniq_natasha
D:5:      layout_basic, lemuel_crystal_altar, nicolae_overflow_hidden_temple,
          hellmonk_ghost_happy_afterlife, guppyfry_shop_venom,
          uniq_blork_the_orc
D:6:      layout_basic
D:7:      layout_basic, nicolae_overflow_squiral, minmay_temple_entry_hall
D:8:      layout_basic, dpeg_lair_monsters
D:9:      layout_roguey, minmay_starry_boxes
Temple:   nicolae_temple_bog_church

Skill      XL: |  1  2  3  4  5  6  7  8  9 |
---------------+----------------------------+-----
Short Blades   | 3 4 5 6 7 8 |  8.9
Fighting       | 3 4 5 7 8 |  8.2
Stealth        | 5 6 8 9 |  9.5
Throwing       | |  2.0
Dodging        | |  1.1

Action                     |  1- 3 |  4- 6 |  7- 9 || total
---------------------------+-------+-------+-------++-------
  Melee: Dagger            |    32 |   118 |   195 ||   345
         Kick              |     8 |    34 |    70 ||   112
         Peck              |     3 |    21 |    47 ||    71
         Trident           |       |       |    36 ||    36
         Punch             |       |       |     2 ||     2
  Throw: Dart              |    39 |    39 |    10 ||    88
         Boomerang         |       |       |     6 ||     6
 Invoke: Curse Item        |       |       |     1 ||     1
  Evoke: Wand              |       |       |     2 ||     2
    Use: Potion            |       |     5 |     2 ||     7
         Scroll            |       |     2 |    10 ||    12
   Stab: Sleeping          |     1 |       |    18 ||    19
         Paralysed         |       |       |     1 ||     1
 Armour: Ring mail         |     8 |    19 |       ||    27
         Skin              |       |     8 |       ||     8
         Robe              |       |       |    32 ||    32
  Dodge: Dodged            |    15 |    51 |   117 ||   183

Table legend: (Time is in decaauts)
 A = Elapsed time spent in this place.
 B = Non-inter-level travel time spent in this place.
 C = Inter-level travel time spent in this place.
 D = Time resting spent in this place.
 E = Time spent auto-exploring this place.
 F = Levels seen in this place.
 G = Mean time per level.
                   A        B        C        D        E       F      G
               +--------+--------+--------+--------+--------+-----+--------+
         Total |   6457 |   6243 |    214 |    826 |   3381 |  10 |  645.7 |
       Dungeon |   6415 |   6220 |    195 |    826 |   3370 |   9 |  712.8 |
        Temple |     42 |     23 |     19 |      0 |     10 |   1 |   42.0 |
               +--------+--------+--------+--------+--------+-----+--------+

Top non-repeatable levels by time:
     D:7: 1346 daAuts
     D:4: 948 daAuts
     D:5: 836 daAuts
     D:1: 720 daAuts
     D:3: 713 daAuts
     D:6: 618 daAuts
     D:2: 600 daAuts
     D:8: 537 daAuts
     D:9: 92 daAuts
  Temple: 42 daAuts
